 Dungeon Crawl Stone Soup version 0.26-a0-720-g2a1d101370 (webtiles) character file.

Game seed: 8127976900067075694

28 Riddle the Vexing (level 2, -4/12 HPs)
             Began as a Felid Enchanter on Nov 2, 2020.
             Slain by a worm (8 damage)
             ... on level 2 of the Dungeon.
             The game lasted 00:04:35 (2204 turns).

Riddle the Vexing (Felid Enchanter)                 Turns: 2204, Time: 00:04:35

Health: -4/12      AC:  1    Str:  4    XL:     2   Next: 96%
Magic:  2/6        EV: 18    Int: 16    God:
Gold:   128        SH:  0    Dex: 16    Spells: 2/5 levels left
                                        Lives:  0   Deaths: 0

rFire    . . .     SeeInvis +     - Unarmed
rCold    . . .     Faith    .   (shield unavailable)
rNeg     . . .     Spirit   .   (armour unavailable)
rPois    .         Reflect  .   (helmet unavailable)
rElec    .         Harm     .   (cloak unavailable)
rCorr    +         Rampage  .   (gloves unavailable)
MR       .....                  (boots unavailable)
Stlth    +++.......             (no amulet)
HPRegen  0.04/turn              k - ring of resist corrosion (curse)
MPRegen  0.10/turn              (no ring)

@: quick
A: very small, no armour, no weapons or thrown items, stealth, claws 1, fangs 3,
see invisible, speed 1, shaggy fur 1, sharp paws
a: no special abilities


You were on level 2 of the Dungeon.
You visited 1 branch of the dungeon, and saw 2 of its levels.

You collected 128 gold pieces.

Inventory:

Jewellery
 k - a cursed ring of resist corrosion (left paw)
Scrolls
 a - a scroll of teleportation {unknown}
 e - a scroll of enchant armour {unknown}
 f - 2 scrolls of identify {unknown}
 g - a scroll of amnesia {unknown}
 h - a scroll of magic mapping {unknown}
Potions
 b - a potion of heal wounds {unknown}
 c - a potion of cancellation {unknown}
 d - a potion of flight {unknown}
 i - a potion of brilliance {unknown}
 j - 2 potions of lignification {unknown}


   Skills:
 + Level 0.6 Fighting
 * Level 3.1 Dodging
 * Level 4.4 Stealth
 + Level 1.2 Unarmed Combat
 + Level 2.1 Spellcasting
 * Level 4.8 Hexes
 + Level 0.1 Ice Magic


You had 2 spell levels left.
You knew the following spells:

 Your Spells              Type           Power        Failure   Level
a - Corona                Hex            ###....      2%          1
b - Ensorcelled Hibernat  Hex/Ice        #.....       11%         2

Your spell library contained the following spells:

 Spells                   Type           Power        Failure   Level
 Confusing Touch          Hex            ###.....     9%          3
 Tukima's Dance           Hex            ###.....     9%          3
 Dazzling Flash           Conj/Hex       #.....       22%         3


Dungeon Overview and Level Annotations

Branches:
Dungeon (2/15)

Altars:


Innate Abilities, Weirdness & Mutations

You cannot wear armour.
You are incapable of wielding weapons or throwing items.
Your paws allow you to move quietly. (Stealth)
You have sharp claws.
You have razor-sharp teeth.
You have supernaturally acute eyesight. (SInv)
You cover ground quickly.
You are covered in fur. (AC +1)
Your sharp claws are effective at attacking unaware monsters.


Message History

* * * LOW HITPOINT WARNING * * *
You scratch the worm but do no damage.
The worm is heavily wounded.
You start resting.
A worm is nearby!
A worm is nearby!
You start resting.
A worm is nearby!
Casting: Corona (safe; 2% risk of failure)
Confirm with . or Enter, or press ? or * to list all spells.
Aiming: Ensorcelled Hibernation (safe; 11% risk of failure)
Press: ? - help, Shift-Dir - straight line, f - worm
Aim: a worm (chance to defeat MR: 50%)
The worm looks drowsy...
The helpless worm fails to defend itself.
You claw the worm! You bite the worm.
The worm is severely wounded.
The worm bites you!
Ouch! That really hurt!
You die...

.....# #.##.........##
.....# #..'w............
.##'## #.##...........(.
.##.# ###...######..[..
.##.# ##.#.## ..... .##.#
##.#.##.## .... .##.#
##.#.##.#.## .... .##.#
##.#.##.#w#.##
<##.###.#.##.#.#@#.##
....##.#.##.#.###.#.##
#####.#.##.#.##)##.#.##
##.#.##.#.##.#.##.#)##
##.#w##.#.##.#.#.##.#.##
##.#.##.#.##.#...#.##.#.#
#.#.##.#w##.(..##.#.##.#.#
##.#.##.#...#.##.#.##.#.##
##.#.##.#.#.##.#.##w#.##


You could see a worm.

Vanquished Creatures
  5 giant cockroaches
  5 goblins
  4 hobgoblins (D:1)
  2 kobolds (D:2)
  A quokka (D:2)
  2 ball pythons
  3 bats
  2 rats (D:1)
24 creatures vanquished.

Notes
Turn   | Place    | Note
-------+----------+-------------------------------------------
     0 | D:1      | Riddle the Felid Enchanter began the quest for the Orb.
     0 | D:1      | Reached XP level 1. HP: 7/7 MP: 4/4
   348 | D:1      | Reached XP level 2. HP: 10/11 MP: 1/6
   395 | D:1      | Learned a level 2 spell: Ensorcelled Hibernation
  2204 | D:2      | Slain by a worm

Illustrated notes

Levels and vault maps discovered:
D:1:      lightli_arrival_lavapool, layout_loops_corners
D:2:      minmay_inner_zag, layout_basic,
          nicolae_dithmenos_through_a_glass_darkly

Skill      XL: |  1  2 |
---------------+-------+-----
Dodging        | 3 |  3.1
Fighting       | |  0.6
Stealth        | |  4.4
Unarmed Combat | |  1.2
Spellcasting   | |  2.1
Hexes          | |  4.8
Ice Magic      | |  0.1

Action                   || total
-------------------------++-------
Melee: Unarmed           ||    66
       Bite              ||     6
 Cast: Corona            ||    12
       Ensorcelled Hiber ||    28
 Stab: Sleeping          ||    18
Armor: Skin              ||     1
Dodge: Dodged            ||    39

Table legend: (Time is in decaauts)
 A = Elapsed time spent in this place.
 B = Non-inter-level travel time spent in this place.
 C = Inter-level travel time spent in this place.
 D = Time resting spent in this place.
 E = Time spent auto-exploring this place.
 F = Levels seen in this place.
 G = Mean time per level.
                   A        B        C        D        E       F      G
               +--------+--------+--------+--------+--------+-----+--------+
         Total |   1967 |   1949 |     18 |    834 |    696 |   2 |  983.5 |
       Dungeon |   1967 |   1949 |     18 |    834 |    696 |   2 |  983.5 |
               +--------+--------+--------+--------+--------+-----+--------+

Top non-repeatable levels by time:
     D:1: 1195 daAuts
     D:2: 771 daAuts
